AoeStats
← EXILE | NOPALITO

Lombardia

510044077Analyzed
4v4 RM · 4d ago on Sep 29, 2026· 37m 36s· 8 players
Game mode
Random Map
Map size
Large (8 player)
Population
200
Speed
Normal
Resources
Standard
Victory
Conquest
Starting age
Dark Age
Ending age
Imperial Age
RankedLock teamsTeams togetherTeam positionsShared explorationLock speedFull tech treeHidden civsTurbo modeCheats
Victory
Defeat
🇩🇪 Lithuanians · Germany
1457
+16
🇭🇰 Celts · Hong Kong SAR China
1428
+17
🇮🇩 Malians · Indonesia
1412
+18
🇮🇳 Huns · India
1323
+21
🇲🇽 Jurchens · Mexico
1678
-27
🇺🇸 Maya · United States
1479
-19
🇩🇿 Magyars · Algeria
1323
-13
🇲🇽 Hindustanis · Mexico
1316
-13
Freegan
2:55 Loom
10:35 Feudal Age
15:42 Castle Age
14:49 Double-Bit Axe
14:46 Horse Collar
25:44 Bow Saw
25:16 Pikeman
29:28 Heavy Plow
31:10 Wheelbarrow
36:57 Imperial Age
34:44 Hand Cart
35:15 Gold Mining
35:16 Stone Mining
35:38 Forging
35:29 Scale Mail Armor
37:25 Iron Casting
Embege
1:28 Loom
10:52 Feudal Age
14:53 Castle Age
13:12 Double-Bit Axe
13:25 Horse Collar
15:44 Bow Saw
17:31 Scale Mail Armor
17:41 Forging
18:25 Loom
18:39 Arson
19:36 Squires
21:24 Heavy Plow
26:05 Wheelbarrow
26:17 Gold Mining
26:19 Stone Mining
28:39 Hand Cart
29:09 Gold Shaft Mining
29:11 Stone Shaft Mining
32:46 Imperial Age
31:11 Forging
31:06 Scale Barding Armor
32:22 Chain Mail Armor
32:51 Iron Casting
32:29 Tigui
32:59 Caravan
33:29 Coinage
34:20 Conscription
34:36 Hoardings
36:04 Chemistry
35:15 Fortified Wall
34:46 Treadmill Crane
35:18 Masonry
36:08 Plate Mail Armor
35:46 Elite Gbeto
37:11 Crop Rotation
snek_fan
7:16 Loom
9:56 Feudal Age
20:40 Castle Age
20:00 Double-Bit Axe
20:22 Horse Collar
26:09 Wheelbarrow
26:38 Scale Barding Armor
29:06 Chain Barding Armor
29:40 Bloodlines
35:59 Imperial Age
33:45 Hand Cart
34:51 Forging
34:33 Town Watch
35:52 Bow Saw
35:50 Husbandry
36:16 Caravan
36:14 Cavalier
37:43 Plate Barding Armor
37:40 Masonry
PeterPan
9:58 Feudal Age
14:27 Castle Age
12:48 Double-Bit Axe
14:18 Loom
21:13 Horse Collar
22:49 Wheelbarrow
23:06 Bow Saw
22:59 Heavy Plow
24:57 Hand Cart
24:40 Gold Mining
27:06 Forging
27:01 Scale Barding Armor
26:53 Stone Mining
30:18 Imperial Age
27:24 Light Cavalry
28:18 Bloodlines
28:08 Husbandry
29:52 Chain Barding Armor
30:18 Iron Casting
30:22 Cavalier
32:34 Plate Barding Armor
35:14 Two-Man Saw
34:27 Light Cavalry
34:29 Paladin
WololoMyEx
3:28 Loom
11:07 Feudal Age
11:37 Double-Bit Axe
16:32 Castle Age
14:46 Horse Collar
17:14 Wheelbarrow
18:16 Bow Saw
26:54 Heavy Plow
31:47 Imperial Age
29:57 Hand Cart
29:53 Gold Mining
29:53 Stone Mining
30:24 Bloodlines
30:15 Husbandry
31:12 Fletching
31:23 Padded Archer Armor
32:01 Ballistics
31:49 Bodkin Arrow
31:53 Heavy Cavalry Archer
32:59 Parthian Tactics
33:10 Leather Archer Armor
33:49 Recurve Bow
33:57 Bracer
35:26 Two-Man Saw
[SotC] Memowolf
8:16 Loom
10:49 Feudal Age
13:26 Double-Bit Axe
16:48 Castle Age
14:49 Horse Collar
20:33 Heavy Plow
24:50 Wheelbarrow
27:53 Bow Saw
29:26 Hand Cart
31:59 Imperial Age
29:57 Scale Barding Armor
30:27 Caravan
32:00 Bloodlines
33:21 Forging
33:32 Chain Barding Armor
33:07 Heavy Camel Rider
37:30 Two-Man Saw
EXILE | NOPALITO
0:34 Loom
10:48 Feudal Age
10:54 Man-at-Arms
13:43 Arson
19:21 Castle Age
19:03 Double-Bit Axe
19:02 Horse Collar
21:15 Wheelbarrow
20:52 Fletching
20:58 Stone Mining
21:01 Gold Mining
20:38 Crossbowman
21:49 Bodkin Arrow
25:52 Bow Saw
31:38 Heavy Plow
31:54 Town Watch
33:06 Pikeman
33:47 Squires
33:40 Eagle Warrior
37:23 Imperial Age
37:03 Scale Mail Armor
37:13 Forging
[SotC] Spirit
6:20 Loom
8:43 Feudal Age
10:08 Double-Bit Axe
10:03 Horse Collar
17:02 Wheelbarrow
21:05 Castle Age
19:52 Forging
20:12 Scale Barding Armor
20:51 Bloodlines
22:00 Husbandry
22:52 Chain Barding Armor
22:39 Light Cavalry
25:05 Heavy Plow
25:49 Bow Saw
30:29 Hand Cart
31:26 Town Watch
32:26 Town Patrol
35:15 Imperial Age
36:00 Ballistics
35:53 Padded Archer Armor
Connection lost

Rejoining the realm…

Still unreachable

The connection could not be restored.

Session expired

The server has moved on; the page needs a fresh start.